cohdb
Replays
Latest Replays
All Replays
Popular Replays
Top Player Replays
Match Explorer
How It Works
Community
CoH3 Stats
Reddit
Sign in to upload your games and track your stats! →
Sign in with Steam
Match 42770518
Unlisted
Match 42770518
Overview
Messages
Build Orders
End
Construct Barracks
Scout Squad
Riflemen Squad
Riflemen Squad
Construct Weapon Support Center
M1919 Machine Gun Team
Grenade Package
Bazooka Squad
Mechanized Support Center
Construct Medical Station
Riflemen Squad
Bazooka Squad
Riflemen Squad
M1919 Machine Gun Team
M1918 Browning Automatic Rifles
Selects Heavy Weapons
Selects Assault Carriers
Selects Exchangeable Parts
Bazooka Squad
Selects M26 Pershing Heavy Tank
M26 Pershing Heavy Tank
Engineer Squad
Construct Tank Depot
.30 cal Machine Gun
M4A1 Sherman Medium Tank
M4A1 76mm Conversion
Improvised Armor
Selects M2HB .50cal Heavy Machine Gun
Selects Gallant Stand
Selects Black Dragon Artillery Barrage
Black Dragon Artillery Barrage
M26 Pershing Heavy Tank
Bazooka Squad
Bazooka Squad
Black Dragon Artillery Barrage
M4A1(76) Sherman Medium Tank
Black Dragon Artillery Barrage
Riflemen Squad
matrix4x4
mickal21
0
0
Comments
sign in to comment!
No comments posted yet!